 Dungeon Sprint DCSS version 0.17-a0-1987-gaf5a542 (webtiles) character file.

472 Kidiri the Covert (level 6, -10/26 HPs)
             Began as a Spriggan Enchanter on Oct 6, 2015.
             Was an Initiate of Dithmenos.
             Mangled by a sun demon (15 damage)
             ... summoned by a kobold demonologist
             ... in the Dungeon (Sprint III: "The Ten Rune Challenge").
             The game lasted 00:01:54 (359 turns).

Kidiri the Covert (Spriggan Enchanter)               Turns: 359, Time: 00:01:58

Health: -10/26     AC:  4    Str:  4    XL:     6   Next: 83%
Magic:  10/17      EV: 25    Int: 17    God:    Dithmenos [......]
Gold:   12         SH:  0    Dex: 18    Spells: 5 memorised, 8 levels left

rFire  . . .     SeeInvis +     a - +1 dagger
rCold  . . .     Clarity  +     b - +1 robe
rNeg   . . .     SustAt   .     (shield restricted)
rPois  .         Gourm    .     (helmet restricted)
rElec  .         Spirit   .     (no cloak)
rCorr  .         Warding  .     (gloves unavailable)
rMut   .         NoTele   +     (boots unavailable)
MR     +....                    (no amulet)
Stlth  +++++.....               (no ring)
                                (no ring)

@: very quick, somewhat resistant to hostile enchantments, quite stealthy
A: unfitting armour, talons 1, rugged brown scales 1, see invisible, clarity,
herbivore 3, speed 3, frail 1, slow metabolism 2, spit poison 2, wild magic 1
a: Spit Poison, Renounce Religion


You were in the Dungeon.
You worshipped Dithmenos.
Dithmenos was noncommittal.
You were not hungry.

You visited 1 branch You collected 12 gold pieces.

Inventory:

Hand Weapons
 a - a +1 dagger (weapon)
Armour
 b - a +1 robe (worn)
Wands
 l - a wand of enslavement (21)
Scrolls
 j - a scroll of blinking
 k - a scroll of enchant weapon {unknown}
 n - a scroll of torment {unknown}
 o - a scroll of identify {unknown}
 p - 4 scrolls of remove curse
 s - a scroll of immolation {unknown}
 t - a scroll of enchant armour {unknown}
Potions
 e - a potion of curing
 f - a potion of heal wounds
 g - a potion of haste
 h - 2 potions of magic
 i - a potion of berserk rage
 q - 3 potions of cure mutation
 r - 4 potions of flight
Books
 c - a book of Maledictions

   Spells                             Type                      Level
   a - Corona                         Hexes                        1
   b - Ensorcelled Hibernation        Hexes/Ice                    2
   c - Confuse                        Hexes                        3
   d - Tukima's Dance                 Hexes                        3
   e - Dazzling Spray                 Conjuration/Hexes            3
Comestibles
 d - 2 bread rations
 u - 2 royal jellies


   Skills:
 * Level 6.6 Short Blades
 + Level 3.1 Armour
 * Level 9.1 Dodging
 * Level 10.6 Stealth
 * Level 7.6 Spellcasting
 + Level 2.5 Conjurations
 + Level 6.3 Hexes
 + Level 3.0 Ice Magic
 + Level 0.2 Invocations


You had 8 spell levels left.
You knew the following spells:

 Your Spells              Type           Power        Failure   Level  Hunger
a - Corona                Hex            #####..      3%          1    None
b - Ensorcelled Hibernat  Hex/Ice        ####..       7%          2    None
c - Confuse               Hex            #####...     7%          3    ##.....
d - Tukima's Dance        Hex            #####...     7%          3    ##.....
e - Dazzling Spray        Conj/Hex       ####....     16%         3    ##.....


Dungeon Overview and Level Annotations

Branches:
Dungeon (1/1)

Altars:
Dithmenos
Gozag
Kikubaaqudgha
Makhleb
Nemelex Xobeh
Qazlal
Ru
Sif Muna
Vehumet
Xom
Jiyva
Lugonu


Innate Abilities, Weirdness & Mutations

You are tiny and cannot use many weapons and most armour.
You have supernaturally acute eyesight.
You are a herbivore.
You cover ground extremely quickly.
You need consume almost no food.
You have sharp toenails.
You are partially covered in rugged brown scales (AC +1, +3% HP).
You possess an exceptional clarity of mind.
You are frail (-10% HP).
You can spit poison.
Your spells are a little harder to cast, but a little more powerful.


Message History

Casting: Dazzling Spray
Confirm with . or Enter, or press ? or * to list all spells.
Aiming: Ensorcelled Hibernation
Press: ? - help, Shift-Dir - straight line, f - kobold demonologist
Aim: a kobold demonologist, wielding a dagger and wearing a robe (chance to defeat MR: 44%)
The kobold demonologist resists with some effort.
The kobold demonologist gestures wildly while chanting.
Casting: Ensorcelled Hibernation
Confirm with . or Enter, or press ? or * to list all spells.
Aiming: Ensorcelled Hibernation
Press: ? - help, Shift-Dir - straight line, f/p - kobold demonologist
Aim: a kobold demonologist, wielding a dagger and wearing a robe (chance to defeat MR: 44%)
The kobold demonologist resists with some effort.
The kobold demonologist hits you with a dagger.
The sun demon hits you!
Ouch! That really hurt!
* * * LOW HITPOINT WARNING * * *
You are engulfed in flames!
Ouch! That really hurt!
You die...

#..#.....♣ ♣♣.# ####....♣♣
♣..# ...#....≈♣
♣♣..###+#+###+##
...#...≈≈♣♣♣.♣.#..........#
..)#..≈≈≈≈♣.♣..'.⌠........#
##'#..≈≈≈≈≈≈...#...######+#
...#.≈≈≈≈≈≈....#.⌠.#__#...#
...#.≈≈≈≈≈.....#.3.#__#...#
...#.≈≈≈.......#@###__#...#
####...........#K):#__#...+
...............#___#_.+...#
▓▓▓▓▓▓▓▓▓▓▓▓▓▓▓▓▓▓▓▓▓▓▓▓▓▓▓


You could see a sun demon and a kobold demonologist.

Vanquished Creatures
  A shadow (D)
  A spatial vortex (D)
  A water elemental (D)
  A scorpion (D)
  A jelly (D)
  Jessica (D)
  A wizard (D)
  A human (D)
  2 rats (D)
10 creatures vanquished.

Vanquished Creatures (others)
  2 draconian scorchers (D)
  A yaktaur (D)
  6 plants (D)
9 creatures vanquished.

Grand Total: 19 creatures vanquished

Notes
Turn   | Place    | Note
--------------------------------------------------------------
     0 | D        | Kidiri the Spriggan Enchanter began the quest for the Orb.
     0 | D        | Reached XP level 1. HP: 9/9 MP: 5/5
     7 | D        | Reached skill level 5 in Stealth
    21 | D        | Noticed Jessica
    24 | D        | Killed Jessica
    24 | D        | Reached skill level 1 in Armour
    24 | D        | Reached skill level 6 in Stealth
    24 | D        | Reached XP level 2. HP: 13/13 MP: 5/7
    28 | D        | Learned a level 2 spell: Ensorcelled Hibernation
    73 | D        | Reached skill level 5 in Dodging
    73 | D        | Reached XP level 3. HP: 14/16 MP: 5/9
    78 | D        | Learned a level 3 spell: Dazzling Spray
    82 | D        | Learned a level 3 spell: Confuse
   126 | D        | Noticed a scorpion
   133 | D        | Killed a scorpion
   133 | D        | Reached skill level 7 in Stealth
   133 | D        | Reached skill level 5 in Spellcasting
   133 | D        | Reached skill level 1 in Ice Magic
   133 | D        | Reached XP level 4. HP: 21/21 MP: 10/12
   138 | D        | Learned a level 3 spell: Tukima's Dance
   139 | D        | Killed a yaktaur
   152 | D        | Gained mutation: You have sharp toenails. [potion of mutation]
   152 | D        | Gained mutation: You are partially covered in rugged brown scales (AC +1, +3% HP). [potion of mutation]
   152 | D        | Gained mutation: You possess an exceptional clarity of mind. [potion of mutation]
   153 | D        | Gained mutation: You can spit weak poison. [potion of mutation]
   153 | D        | Gained mutation: You are frail (-10% HP). [potion of mutation]
   154 | D        | Gained mutation: You can spit poison. [potion of mutation]
   154 | D        | Gained mutation: Your spells are a little harder to cast, but a little more powerful. [potion of mutation]
   184 | D        | Noticed a water elemental
   203 | D        | Killed a white draconian scorcher
   211 | D        | Killed a water elemental
   211 | D        | Reached skill level 8 in Stealth
   211 | D        | Reached skill level 1 in Conjurations
   211 | D        | Reached skill level 5 in Hexes
   211 | D        | Reached XP level 5. HP: 22/22 MP: 1/14
   226 | D        | Killed a white draconian scorcher
   309 | D        | Noticed a jelly
   310 | D        | Noticed a shadow
   312 | D        | Killed a shadow
   312 | D        | Reached skill level 5 in Short Blades
   312 | D        | Reached skill level 9 in Stealth
   312 | D        | Reached XP level 6. HP: 26/26 MP: 14/16
   316 | D        | Killed a jelly
   321 | D        | Found a stormy altar of Qazlal.
   322 | D        | Found a sacrificial altar of Ru.
   322 | D        | Found a burning altar of Makhleb.
   322 | D        | Found a viscous altar of Jiyva.
   322 | D        | Found a shimmering altar of Xom.
   322 | D        | Found a shadowy altar of Dithmenos.
   322 | D        | Found a sparkling altar of Nemelex Xobeh.
   322 | D        | Found a corrupted altar of Lugonu.
   322 | D        | Found an opulent altar of Gozag.
   322 | D        | Noticed a spatial vortex
   324 | D        | Killed a spatial vortex
   324 | D        | Reached skill level 10 in Stealth
   327 | D        | Became a worshipper of Dithmenos the Shadowed
   352 | D        | Found a radiant altar of Vehumet.
   353 | D        | Found a deep blue altar of Sif Muna.
   353 | D        | Found an ancient bone altar of Kikubaaqudgha.
   353 | D        | Noticed a wizard
   357 | D        | Killed a wizard
   359 | D        | Noticed a sun demon
   359 | D        | Mangled by a sun demon

Vault maps used:
D:        dungeon_sprint_mu

Action                   |  1- 3 |  4- 6 || total
-------------------------+-------+-------++-------
Melee: Dagger            |     7 |    12 ||    19
 Cast: Ensorcelled Hiber |     1 |     2 ||     3
       Dazzling Spray    |       |     5 ||     5
  Use: Potion            |       |     3 ||     3
 Stab: Sleeping          |     5 |     3 ||     8
